 Dungeon Crawl Stone Soup version 0.29.0-10-g45618ea6d2 (webtiles) character file.

Game seed: 17468427208335959600

259 Isauros the Skirmisher (level 5, -8/42 HPs)
             Began as a Minotaur Hunter on Sept 1, 2022.
             Killed by nerve-wracking pain
             ... invoked by an orc priest
              (14 damage)
             ... on level 3 of the Dungeon.
             The game lasted 00:13:50 (3832 turns).

Isauros the Skirmisher (Minotaur Hunter)            Turns: 3832, Time: 00:13:51

Health: -8/42      AC:  2    Str: 16    XL:     5   Next: 94%
Magic:  4/4        EV: 12    Int:  6    God:
Gold:   77         SH:  0    Dex: 15    Spells: 4/4 levels left

rFire   . . .      SeeInvis .   a - +0 shortbow
rCold   . . .      Faith    .   (shield currently unavailable)
rNeg    . . .      Spirit   .   c - +0 robe
rPois   .          Reflect  .   (helmet restricted)
rElec   .          Harm     .   (no cloak)
rCorr   .          Rampage  .   (no gloves)
Will    .....                   (no boots)
Stlth   ++........              (no amulet)
HPRegen 0.14/turn               (no ring)
MPRegen 0.09/turn               (no ring)

@: no status effects
A: horns 2, retaliatory headbutt
a: no special abilities


You were on level 3 of the Dungeon.
You visited 1 branch of the dungeon, and saw 4 of its levels.
You also visited: Sewer.

You collected 77 gold pieces.

Inventory:

Hand Weapons
 a - a +0 shortbow (weapon)
Armour
 c - a +0 robe (worn)
Jewellery
 n - an amulet of the acrobat
Scrolls
 b - 4 scrolls of immolation
 d - 4 scrolls of teleportation {unknown}
 f - 2 scrolls of fear {unknown}
 i - 2 scrolls of magic mapping {unknown}
 k - a scroll of summoning {unknown}
 q - 2 scrolls of identify {unknown}
 r - a scroll of torment {unknown}
Potions
 e - a potion of mutation {unknown}
 g - 2 potions of brilliance {unknown}
 h - 3 potions of lignification {unknown}
 j - 4 potions of curing {unknown}
 l - a potion of magic {unknown}
 m - a potion of attraction {unknown}
 o - 6 potions of degeneration {unknown}
 p - 2 potions of ambrosia {unknown}
 s - a potion of flight {unknown}


   Skills:
 - Level 2.4 Fighting
 + Level 8.0 Ranged Weapons
 - Level 2.1 Dodging
 - Level 0.7 Stealth


You had 4 spell levels left.
You didn't know any spells.
Your spell library contained the following spells:

 Spells                   Type           Power      Damage    Failure   Level
 Necrotise                Necr           0%         1d4       45%         1
 Sandblast                Erth           0%         2d4       45%         1
 Summon Small Mammal      Summ           0%         N/A       45%         1
 Passwall                 Tmut/Erth      0%         N/A       58%         2
 Call Canine Familiar     Summ           0%         N/A       83%         3
 Stone Arrow              Conj/Erth      0%         3d7       83%         3
 Summon Guardian Golem    Hex/Summ       0%         N/A       83%         3
 Vampiric Draining        Necr           0%         2d6       83%         3
 Agony                    Necr           0%         N/A       100%        5


Dungeon Overview and Level Annotations

Branches:
Dungeon (4/15)              Sewer (visited)
 Temple: D:4-7

Altars:

Annotations:
D:3 4 runed translucent doors, Crazy Yiuf; Plasmagod's ghost, amateur HOMo


Innate Abilities, Weirdness & Mutations

You have a pair of horns on your head.
You reflexively headbutt those who attack you in melee.


Message History

You shoot an arrow.
The arrow hits the orc but does no damage.
The orc is heavily wounded.
The orc misses you.
You shoot an arrow.
The arrow hits the orc but does no damage.
The orc is heavily wounded.
The orc hits you with a +0 hand axe.
You shoot an arrow.
The arrow hits the orc but does no damage.
The orc is heavily wounded.
The orc closely misses you.
You shoot an arrow. The arrow hits the orc.
The orc is almost dead.
The orc hits you with a +0 hand axe.
You shoot an arrow. The arrow hits the orc.
You kill the orc!
Your Ranged Weapons skill increases to level 8!
Things that are here:
a +0 hand axe; a +0 leather armour
There is a stone staircase leading up here.
You start resting.
HP restored.
You climb upwards.
Level annotation: 4 runed translucent doors, Crazy Yiuf; Plasmagod's ghost, amateur HOMo
There is a stone staircase leading down, spattered with blood here.
The orc priest shouts!
The orc wizard shouts!
The orc wizard gestures wildly while chanting.
The orc wizard flickers and vanishes!
Deactivating autopickup; reactivate with Ctrl-A.
The orc priest calls down the wrath of Beogh upon you.
Beogh smites you!
The orc priest invokes the aid of Beogh against you.
Beogh smites you!
The orc priest calls down the wrath of Beogh upon you.
Beogh smites you!
* * * LOW HITPOINT WARNING * * *
The orc priest invokes the aid of Beogh against you.
Pain shoots through your body!
You die...

################
##...........r..#
##...##.#####.##.#
#..........##o##.##########
#....##.##.##.##.....o....####
#.#.###.##.##.#########r.....#
#.#.###.##.##.####### ######r#
#.#[##......#.#.....# ##.$$##.
#.#.#.......#@#.###.###.8$8.##
#.#.............# #.[)#_r.{.'.
#.#.#.......)...###...#$8$8o##
#.#.........>.......####... #.
#.####.........##.####.######.
#.#####.....#####.# #...#....
#...........# #.# #........
########....# #.#####..##.##
#..#######........##.#


You could see an orc priest and a rat.

Vanquished Creatures
  An orc priest (D:3)
  13 adders
  2 river rats (Sewer)
  2 dart slugs
  3 orcs
  13 ball pythons
  6 endoplasms
  4 giant cockroaches
  5 goblins
  7 hobgoblins
  3 jackals (D:3)
  6 kobolds
  3 quokkas
  4 bats
  5 frilled lizards
  17 rats
94 creatures vanquished.

Notes
Turn   | Place    | Note
-------+----------+-------------------------------------------
     0 | D:1      | Isauros the Minotaur Hunter began the quest for the Orb.
     0 | D:1      | Reached XP level 1. HP: 18/18 MP: 0/0
   136 | D:1      | Reached XP level 2. HP: 22/25 MP: 1/1
   227 | D:1      | Reached skill level 5 in Ranged Weapons
   235 | D:1      | You fall into a shaft and drop 1 floor!
   499 | D:2      | Reached XP level 3. HP: 30/30 MP: 2/2
   551 | D:2      | Found a faded altar of an unknown god.
  1481 | D:3      | Reached skill level 6 in Ranged Weapons
  1614 | D:3      | Reached XP level 4. HP: 33/37 MP: 3/3
  1670 | D:3      | Found a glowing drain.
  1674 | Sewer    | Entered a sewer
  1966 | Sewer    | Reached skill level 7 in Ranged Weapons
  1966 | Sewer    | Reached XP level 5. HP: 34/42 MP: 4/4
  2865 | D:3      | Found a runed translucent door.
  2866 | D:3      | Noticed Crazy Yiuf
  2937 | D:3      | Found a runed translucent gate.
  2938 | D:3      | Found a runed translucent gate.
  2938 | D:3      | Found a runed translucent gate.
  2944 | D:3      | Noticed Plasmagod's ghost (amateur HOMo)
  3638 | D:4      | Reached skill level 8 in Ranged Weapons
  3832 | D:3      | Killed from afar by an orc priest

Illustrated notes

Levels and vault maps discovered:
D:1:      evilmike_arrival_plus, layout_loops_ring, grunt_decor_resistance
D:2:      wander_river, layout_rooms, shapermc_ecumenical_altar_notcrosses
D:3:      layout_loops_ring, ebering_ghost_rock_garden, gup_sewer_entry_spiral,
          kennysheep_orc_chapel, uniq_crazy_yiuf_cottage
D:4:      minmay_razor_zed, layout_loops_ring, nicolae_yredelemnul_ghost_church,
          mainiacjoe_overflow_concentric_impassable

Skill      XL: |  1  2  3  4  5 |
---------------+----------------+-----
Ranged Weapons | 5 6 7 8 |  8.0
Fighting       | |  2.4
Dodging        | |  2.1
Stealth        | |  0.7

Action                   |  1- 3 |  4- 6 || total
-------------------------+-------+-------++-------
 Fire: Shortbow          |    87 |   159 ||   246
Armor: Robe              |     3 |    16 ||    19
Dodge: Dodged            |    17 |    84 ||   101
